MWL (24 & UNDER)
MINNESOTA DEATH STARS @ GRIM REAPERS
04/11/2028
 
TOP OF THE 1ST
Minnesota Death Stars batting - Pitching for Grim Reapers : LHP Alonso Mendoza
Pitching: LHP Alonso Mendoza
Batting: RHB José Chávez 0-0: Called Strike
0-1: Ball
1-1: SOLO HOME RUN (Flyball, 9D), Distance : 394 ft
Batting: RHB Augusto Padilla 0-0: Called Strike
0-1: Ball
1-1: Foul Ball, location: 2F
1-2: SINGLE (Line Drive, 9S)
Batting: RHB Gabriel Ángel 0-0: Called Strike
Augusto Padilla is caught stealing 2nd base
0-1: Foul Ball, location: 2F
0-2: Strikes out looking
Batting: RHB Sean White 0-0: Called Strike
0-1: Ground out 4-3 (Groundball, 4)
Top of the 1st over - 1 run(s), 2 hit(s), 0 error(s), 0 left on base; Minnesota 1 - Grim 0
BOTTOM OF THE 1ST
Grim Reapers batting - Pitching for Minnesota Death Stars : LHP Tom Workman
Pitching: LHP Tom Workman
Batting: RHB Arthur Hopkins 0-0: Called Strike
0-1: Ball
1-1: Ball
2-1: Called Strike
2-2: Strikes out swinging
Batting: RHB Luis López 0-0: Ball
1-0: Fly out, F9 (Flyball, 9LS)
Batting: RHB Roberto Villela 0-0: SINGLE (Flyball, 8LS)
Batting: SHB Sean Moody 0-0: Ball
1-0: Fly out, F9 (Flyball, 9S)
Bottom of the 1st over - 0 run(s), 1 hit(s), 0 error(s), 1 left on base; Minnesota 1 - Grim 0
TOP OF THE 2ND
Minnesota Death Stars batting - Pitching for Grim Reapers : LHP Alonso Mendoza
Batting: LHB Gonzalo Gálvez 0-0: SINGLE (Line Drive, 89S)
Batting: RHB Abraham Hardy 0-0: Ball
1-0: Called Strike
Gonzalo Gálvez steals 2nd base
1-1: Swinging Strike
1-2: Ground out 5-3 (Groundball, 56)
Batting: LHB Alejandro Gómez 0-0: Called Strike
0-1: Swinging Strike
0-2: Foul Ball, location: 2F
0-2: Ball
1-2: Ball
2-2: Ball
3-2: Base on Balls
Batting: LHB Shannon Hunter 0-0: Ball
Alejandro Gómez steals 2nd base
Gonzalo Gálvez to third
1-0: Called Strike
1-1: Ground out 3-1 (Groundball, 34)
Gonzalo Gálvez scores
Alejandro Gómez to third
Batting: RHB Alfonso Reyes 0-0: Ball
1-0: Called Strike
1-1: Ground out 6-3 (Groundball, 6)
Top of the 2nd over - 1 run(s), 1 hit(s), 0 error(s), 1 left on base; Minnesota 2 - Grim 0
BOTTOM OF THE 2ND
Grim Reapers batting - Pitching for Minnesota Death Stars : LHP Tom Workman
Batting: RHB Sandro Hernández 0-0: Called Strike
0-1: Hit by Pitch
Batting: SHB Jorge Aguilar 0-0: Ball
1-0: Fly out, F5 (Line Drive, 5S)
Batting: RHB Mario Barker 0-0: Ball
1-0: Swinging Strike
1-1: SINGLE (Flyball, 8LS)
Sandro Hernández to second
Batting: RHB Greg Carpenter 0-0: Foul Ball, location: 2F
0-1: Foul Ball, location: 2F
0-2: Foul Ball, location: 2F
0-2: Ball
1-2: Ball
2-2: Ball
3-2: Foul Ball, location: 2F
3-2: Fly out, F5 (Line Drive, 5L)
Batting: SHB Frank Grant 0-0: Ball
1-0: Foul Ball, location: 2F
1-1: Foul Ball, location: 2F
1-2: Fly out, F8 (Flyball, 8RM)
Bottom of the 2nd over - 0 run(s), 1 hit(s), 0 error(s), 2 left on base; Minnesota 2 - Grim 0
TOP OF THE 3RD
Minnesota Death Stars batting - Pitching for Grim Reapers : LHP Alonso Mendoza
Batting: RHB José Chávez 0-0: Ball
1-0: SOLO HOME RUN (Flyball, 7D), Distance : 422 ft
Batting: RHB Augusto Padilla 0-0: Ball
1-0: Ball
2-0: Ground out 4-3 (Groundball, 4MS)
Batting: RHB Gabriel Ángel 0-0: Ball
1-0: Foul Ball, location: 2F
1-1: Ball
2-1: Foul Ball, location: 2F
2-2: Ground out 4-3 (Groundball, 4)
Batting: RHB Sean White 0-0: Ball
1-0: Foul Ball, location: 2F
1-1: Ground out 4-3 (Groundball, 4M)
Top of the 3rd over - 1 run(s), 1 hit(s), 0 error(s), 0 left on base; Minnesota 3 - Grim 0
BOTTOM OF THE 3RD
Grim Reapers batting - Pitching for Minnesota Death Stars : LHP Tom Workman
Batting: RHB Arthur Hopkins 0-0: Ball
1-0: Swinging Strike
1-1: Foul Ball, location: 2F
1-2: Foul Ball, location: 2F
1-2: Foul Ball, location: 2F
1-2: Strikes out swinging
Batting: RHB Luis López 0-0: Swinging Strike
0-1: Ball
1-1: Ball
2-1: Foul Ball, location: 2F
2-2: Ball
3-2: Foul Ball, location: 2F
3-2: Base on Balls
Batting: RHB Roberto Villela 0-0: Foul Ball, location: 2F
0-1: Ball
1-1: Ball
2-1: Swinging Strike
2-2: Fly out, F9 (Flyball, 9LS)
Batting: SHB Sean Moody 0-0: 2-RUN HOME RUN (Flyball, 78XD), Distance : 427 ft
Batting: RHB Sandro Hernández 0-0: Called Strike
0-1: Called Strike
0-2: Ball
1-2: Strikes out swinging
Bottom of the 3rd over - 2 run(s), 1 hit(s), 0 error(s), 0 left on base; Minnesota 3 - Grim 2
TOP OF THE 4TH
Minnesota Death Stars batting - Pitching for Grim Reapers : LHP Alonso Mendoza
Batting: LHB Gonzalo Gálvez 0-0: Called Strike
0-1: Called Strike
0-2: Ball
1-2: Strikes out swinging
Batting: RHB Abraham Hardy 0-0: Ball
1-0: Ball
2-0: Ball
3-0: Base on Balls
Batting: LHB Alejandro Gómez 0-0: Called Strike
0-1: Foul Ball, location: 2F
0-2: Foul Ball, location: 2F
0-2: Ball
1-2: Ball
2-2: Strikes out swinging
Batting: LHB Shannon Hunter 0-0: Called Strike
0-1: Foul Ball, location: 2F
0-2: Strikes out swinging
Top of the 4th over - 0 run(s), 0 hit(s), 0 error(s), 1 left on base; Minnesota 3 - Grim 2
BOTTOM OF THE 4TH
Grim Reapers batting - Pitching for Minnesota Death Stars : LHP Tom Workman
Batting: SHB Jorge Aguilar 0-0: Ball
1-0: Ball
2-0: Ball
3-0: Called Strike
3-1: DOUBLE (Line Drive, 7)
Batting: RHB Mario Barker 0-0: Ball
1-0: SINGLE (Groundball, 34D)
Jorge Aguilar to third
Batting: RHB Greg Carpenter 0-0: Ground out U3 (Groundball, 34)
Jorge Aguilar scores
Mario Barker to second
Batting: SHB Frank Grant 0-0: Ball
1-0: Swinging Strike
1-1: Swinging Strike
1-2: Ball
2-2: Strikes out looking
Batting: RHB Arthur Hopkins 0-0: Ball
1-0: Foul Ball, location: 2F
1-1: Ball
2-1: Called Strike
2-2: Reached on error, E1 (Groundball, 13S)
Mario Barker to third
Batting: RHB Luis López 0-0: Swinging Strike
0-1: Called Strike
0-2: Ball
1-2: Foul Ball, location: 2F
1-2: Strikes out swinging
Bottom of the 4th over - 1 run(s), 2 hit(s), 1 error(s), 2 left on base; Minnesota 3 - Grim 3
TOP OF THE 5TH
Minnesota Death Stars batting - Pitching for Grim Reapers : LHP Alonso Mendoza
Batting: RHB Alfonso Reyes 0-0: Fly out, F6 (Popup, 6S)
Batting: RHB José Chávez 0-0: Called Strike
0-1: Ball
1-1: Ball
2-1: Ball
3-1: Foul Ball, location: 2F
3-2: Foul Ball, location: 2F
3-2: Base on Balls
Batting: RHB Augusto Padilla 0-0: SINGLE (Groundball, 6) (infield hit)
José Chávez to second
Batting: RHB Gabriel Ángel 0-0: Foul Ball, location: 2F
0-1: Ball
1-1: Called Strike
José Chávez steals 3rd base
Augusto Padilla to second
1-2: Ball
2-2: Strikes out swinging
Batting: RHB Sean White 0-0: Ball
1-0: Called Strike
1-1: Ball
2-1: Ball
3-1: Base on Balls
Batting: LHB Gonzalo Gálvez 0-0: Ball
1-0: SINGLE (Line Drive, 4MD)
José Chávez scores
Augusto Padilla to third
Sean White to second
Runner from 3rd tries for Home, SAFE, no throw
Pitching: RHP Danny Clayton
Batting: RHB Abraham Hardy 0-0: Foul Ball, location: 2F
0-1: Fly out, F7 (Flyball, 7)
Top of the 5th over - 2 run(s), 2 hit(s), 0 error(s), 2 left on base; Minnesota 5 - Grim 3
BOTTOM OF THE 5TH
Grim Reapers batting - Pitching for Minnesota Death Stars : LHP Tom Workman
Batting: RHB Roberto Villela 0-0: Ball
1-0: Called Strike
1-1: Ball
2-1: Called Strike
2-2: Ball
3-2: Foul Ball, location: 2F
3-2: Hit by Pitch
Pitching: RHP Carlos Donis
Batting: SHB Sean Moody 0-0: Called Strike
0-1: Ball
1-1: Ball
2-1: Foul Ball, location: 2F
2-2: Ball
3-2: Foul Ball, location: 2F
3-2: Base on Balls
Roberto Villela to second
Batting: RHB Sandro Hernández 0-0: Ball
1-0: Foul Ball, location: 2F
1-1: Foul Ball, location: 2F
1-2: Foul Ball, location: 2F
1-2: Foul Ball, location: 2F
1-2: Ball
2-2: Strikes out looking
Batting: SHB Jorge Aguilar 0-0: Fly out, F7 (Flyball, 7)
Batting: RHB Mario Barker 0-0: Called Strike
0-1: SINGLE (Groundball, 6D)
Roberto Villela to third
Sean Moody to second
Runner from 3rd tries for Home, SAFE, no throw
Batting: RHB Greg Carpenter 0-0: Ball
1-0: Ball
2-0: Called Strike
2-1: Fielders Choice at 2nd, 4-6 (Groundball, 4)
Bottom of the 5th over - 1 run(s), 1 hit(s), 0 error(s), 1 left on base; Minnesota 5 - Grim 4
TOP OF THE 6TH
Minnesota Death Stars batting - Pitching for Grim Reapers : RHP Danny Clayton
Batting: LHB Alejandro Gómez 0-0: Foul Ball, location: 2F
0-1: Foul Ball, location: 2F
0-2: Fly out, F7 (Flyball, 7)
Batting: LHB Shannon Hunter 0-0: Ball
1-0: Called Strike
1-1: Fly out, F3 (Popup, 34)
Batting: RHB Alfonso Reyes 0-0: Called Strike
0-1: Called Strike
0-2: Strikes out swinging
Top of the 6th over - 0 run(s), 0 hit(s), 0 error(s), 0 left on base; Minnesota 5 - Grim 4
BOTTOM OF THE 6TH
Grim Reapers batting - Pitching for Minnesota Death Stars : RHP Carlos Donis
Batting: SHB Frank Grant 0-0: Ball
1-0: Ball
2-0: Ball
3-0: Base on Balls
Batting: RHB Arthur Hopkins 0-0: Called Strike
0-1: Fly out, F3 (Popup, 34)
Batting: RHB Luis López 0-0: Ball
Frank Grant steals 2nd base
1-0: Called Strike
1-1: Ball
2-1: Ball
3-1: SINGLE (Groundball, 56D)
Frank Grant to third
Runner from 3rd tries for Home, SAFE, no throw
Batting: RHB Roberto Villela 0-0: Ball
1-0: Grounds into double play, 4-6-3 (Groundball, 34)
Bottom of the 6th over - 1 run(s), 1 hit(s), 0 error(s), 0 left on base; Minnesota 5 - Grim 5
TOP OF THE 7TH
Minnesota Death Stars batting - Pitching for Grim Reapers : RHP Danny Clayton
Pinch Hitting: RHB Earl Godwin 0-0: Ball
1-0: Foul Ball, location: 2F
1-1: Foul Ball, location: 2F
1-2: Foul Ball, location: 2F
1-2: Strikes out looking
Pinch Hitting: RHB Raúl Flores 0-0: Called Strike
0-1: Foul Ball, location: 2F
0-2: Foul Ball, location: 2F
0-2: Ball
1-2: Ball
2-2: Ball
3-2: Strikes out swinging
Batting: RHB Gabriel Ángel 0-0: Called Strike
0-1: Ball
1-1: Ball
2-1: Ball
3-1: Foul Ball, location: 2F
3-2: Base on Balls
Batting: RHB Sean White 0-0: Called Strike
0-1: Ball
1-1: Ball
2-1: Foul Ball, location: 2F
2-2: Foul Ball, location: 2F
2-2: Strikes out swinging
Top of the 7th over - 0 run(s), 0 hit(s), 0 error(s), 1 left on base; Minnesota 5 - Grim 5
BOTTOM OF THE 7TH
Grim Reapers batting - Pitching for Minnesota Death Stars : RHP Carlos Donis
Now at SS: Earl Godwin
Now in CF: Raúl Flores
Pinch Hitting: LHB Ramón Juárez 0-0: Ground out 6-3 (Groundball, 6)
Batting: RHB Sandro Hernández 0-0: Foul Ball, location: 2F
0-1: Foul Ball, location: 2F
0-2: Foul Ball, location: 2F
0-2: SINGLE (Flyball, 8RS)
Pinch Hitting: LHB Jesús Rojas 0-0: Swinging Strike
0-1: Called Strike
0-2: Strikes out swinging
Pinch Hitting: RHB Ralph Wells 0-0: Ball
1-0: Ball
2-0: Called Strike
2-1: Swinging Strike
2-2: Ball
3-2: Foul Ball, location: 2F
3-2: Base on Balls
Sandro Hernández to second
Batting: RHB Greg Carpenter 0-0: Called Strike
0-1: Ball
1-1: Ball
2-1: Ball
3-1: Base on Balls
Sandro Hernández to third
Ralph Wells to second
Pinch Hitting: RHB Jeremiah Ward 0-0: Ball
1-0: Ball
2-0: Ball
3-0: Called Strike
3-1: Base on Balls
Sandro Hernández scores
Ralph Wells to third
Greg Carpenter to second
Pinch Hitting: LHB Marcos Fontanez 0-0: Called Strike
0-1: Ball
1-1: Foul Ball, location: 2F
1-2: Strikes out swinging
Bottom of the 7th over - 1 run(s), 1 hit(s), 0 error(s), 3 left on base; Minnesota 5 - Grim 6
TOP OF THE 8TH
Minnesota Death Stars batting - Pitching for Grim Reapers : RHP Danny Clayton
Pitching: RHP Jeremiah Moran
Now at 1B: Marcos Fontanez
Now at 2B: John Jones
Now at 3B: Juan Ortega
Now at SS: Javier Hernández
Now in CF: Jeremiah Ward
Batting: LHB Gonzalo Gálvez 0-0: Called Strike
0-1: SINGLE (Flyball, 7S)
Batting: RHB Abraham Hardy 0-0: Sac Bunt - play at first, batter OUT! 2-4
Gonzalo Gálvez to second
Batting: LHB Alejandro Gómez 0-0: Foul Ball, location: 2F
0-1: Ball
1-1: Ball
2-1: Ball
3-1: Foul Ball, location: 2F
3-2: Base on Balls
Batting: LHB Shannon Hunter 0-0: Foul Ball, location: 2F
0-1: Ball
1-1: Fielders Choice at 2nd, 6-4 (Groundball, 6M)
Gonzalo Gálvez to third
Batting: RHB Alfonso Reyes 0-0: Called Strike
0-1: Ball
1-1: Swinging Strike
1-2: Strikes out swinging
Top of the 8th over - 0 run(s), 1 hit(s), 0 error(s), 2 left on base; Minnesota 5 - Grim 6
BOTTOM OF THE 8TH
Grim Reapers batting - Pitching for Minnesota Death Stars : RHP Carlos Donis
Pitching: LHP Kurt Brown
Batting: RHB Luis López 0-0: Called Strike
0-1: Fly out, F9 (Line Drive, 89M)
Batting: RHB Roberto Villela 0-0: Swinging Strike
0-1: Swinging Strike
0-2: Ball
1-2: Strikes out swinging
Batting: RHB John Jones 0-0: Ball
1-0: Ball
2-0: Fly out, F9 (Flyball, 9LMF)
Bottom of the 8th over - 0 run(s), 0 hit(s), 0 error(s), 0 left on base; Minnesota 5 - Grim 6
TOP OF THE 9TH
Minnesota Death Stars batting - Pitching for Grim Reapers : RHP Jeremiah Moran
Pitching: RHP Will Brown
Batting: RHB Earl Godwin 0-0: Swinging Strike
0-1: SINGLE (Line Drive, 89S)
Batting: RHB Raúl Flores 0-0: Ball
1-0: Bunted foul
1-1: Sac Bunt - play at first, batter OUT! 1-4
Earl Godwin to second
Batting: RHB Gabriel Ángel 0-0: Called Strike
0-1: Ball
1-1: Ground out 4-3 (Groundball, 4)
Earl Godwin to third
Batting: RHB Sean White 0-0: Ball
1-0: Called Strike
1-1: Foul Ball, location: 2F
1-2: Ground out 5-3 (Groundball, 56)
Top of the 9th over - 0 run(s), 1 hit(s), 0 error(s), 1 left on base; Minnesota 5 - Grim 6
Tuesday, August 8th, 2017 - OOTP Baseball 17.12 Build 75